 Dungeon Crawl Stone Soup version 0.30-a0-121-gb27577e5d9 (webtiles) character file.

Game seed: 8382288322721705239

888 porpoise the Poker (level 7, -1/56 HPs)
             Began as a Demonspawn Gladiator on Sept 15, 2022.
             Succumbed to a scorpion's poison
             ... on level 4 of the Dungeon.
             The game lasted 00:14:32 (5032 turns).

porpoise the Poker (Demonspawn Gladiator)           Turns: 5032, Time: 00:14:33

Health: -1/56      AC: 10    Str: 16    XL:     7   Next: 77%
Magic:  7/7        EV: 11    Int:  9    God:
Gold:   195        SH:  0    Dex: 15    Spells: 6/6 levels left

rFire   . . .      SeeInvis .    a - +0 trident
rCold   . . .      Faith    .    (no shield)
rNeg    . . .      Spirit   .    n - +0 ring mail
rPois   .          Reflect  .    c - +0 helmet
rElec   .          Harm     .    v - +0 cloak
rCorr   .          Rampage  .    (no gloves)
Will    .....                    (no boots)
Stlth   +.........               (no amulet)
HPRegen 0.18/turn                (no ring)
MPRegen 0.10/turn                (no ring)

@: lethally poisoned (-1 -> -8)
A: claws 1, slimy green scales 2, demonic guardian 1
a: no special abilities


You were on level 4 of the Dungeon.
You visited 1 branch of the dungeon, and saw 5 of its levels.
You also visited: Sewer.

You collected 195 gold pieces.

Inventory:

Hand Weapons
 a - a +0 trident (weapon)
 b - a +0 sling
 w - the +5 dagger of the Orcish Mines {spect, rElec}
   (You found it on level 4 of the Dungeon)

   When its wielder attacks, the weapon's spirit leaps out and strikes again.
   The spirit shares a part of any damage it takes with its wielder.
   rElec:     It insulates you from electricity.
Missiles
 d - 3 throwing nets (quivered)
 e - a javelin
 h - 3 curare-tipped darts
 i - 6 atropa-tipped darts
 j - 6 poisoned darts
Armour
 c - a +0 helmet (worn)
 n - a +0 ring mail (worn)
 v - a +0 cloak (worn)
Jewellery
 r - a ring of ice
Scrolls
 f - 2 scrolls of teleportation
 g - a scroll of enchant armour {unknown}
 x - 2 scrolls of butterflies {unknown}
 y - a scroll of magic mapping {unknown}
 z - 2 scrolls of identify
Potions
 k - a potion of attraction
 l - a potion of degeneration {unknown}
 m - a potion of curing
 o - 2 potions of mutation {unknown}
 p - 2 potions of flight {unknown}
 q - a potion of magic {unknown}
 s - 2 potions of might {unknown}
 t - 2 potions of heal wounds
 u - 2 potions of resistance {unknown}


   Skills:
 + Level 5.2 Fighting
 - Level 6.0 Polearms
 - Level 1.7 Throwing
 - Level 2.6 Dodging
 * Level 3.9 Unarmed Combat


You had 6 spell levels left.
You didn't know any spells.
Your spell library contained the following spells:

 Spells                   Type           Power      Damage    Failure   Level
 Dazzling Flash           Conj/Hex       0%         N/A       93%         3
 Gell's Gravitas          Tloc           0%         N/A       93%         3
 Teleport Other           Tloc           0%         N/A       93%         3
 Agony                    Necr           0%         N/A       100%        5
 Silence                  Hex/Air        0%         N/A       100%        5
 Dispersal                Tloc           0%         N/A       100%        6


Dungeon Overview and Level Annotations

Branches:
Dungeon (5/15)              Sewer (visited)
 Temple: D:4-7

Altars:


Innate Abilities, Weirdness & Mutations

You have sharp fingernails.
You are mostly covered in slimy green scales. (AC +3)
A weak demonic guardian rushes to your aid.


Message History

A hound comes into view.
The hound barks!
A scorpion and an ogre come into view.
The ogre shouts!
The hound bites you.
* * * LOW HITPOINT WARNING * * *
A demonic guardian appears!
The scorpion attacks as you move away! The scorpion stings you.
* * * LOW HITPOINT WARNING * * *
You are lethally poisoned!
The scorpion poisons you!
* * * LOW HITPOINT WARNING * * *
You feel very sick. The hound closely misses you.
You feel better.
Your ufetubus misses the hound. Your ufetubus hits the hound.
The hound bites you.
* * * LOW HITPOINT WARNING * * *
The scorpion closely misses you.
Your ufetubus closely misses the hound.
Your ufetubus barely misses the hound.
Okay, then.
The scorpion attacks as you move away! The scorpion misses you.
The hound closely misses your ufetubus.
Your ufetubus hits the hound. x2
The hound barely misses your ufetubus. The scorpion attacks as you move away!
The scorpion stings you.
* * * LOW HITPOINT WARNING * * *
Your ufetubus completely misses the hound.
Your ufetubus closely misses the hound.
The hound bites your ufetubus.
Your ufetubus hits the hound.
Your ufetubus barely misses the hound.
Your ufetubus barely misses the hound.
Your ufetubus closely misses the hound.
The scorpion stings you.
* * * LOW HITPOINT WARNING * * *
The scorpion attacks as you move away! The scorpion closely misses you.
Your ufetubus misses the hound. Your ufetubus hits the hound.
There is a stone staircase leading up, spattered with blood here.
The scorpion stings you.
* * * LOW HITPOINT WARNING * * *
You are lethally poisoned!
The scorpion poisons you! The hound bites you but does no damage.
You climb upwards.
You die...

#...# #...# ##..###
#...#########.### ###..##
#..........##.# #...##
#...######..#.# ##.### #...#
##.#.#####..# #...#
#......##..######## #...#
#...>..##.## #..... #####
#s........####.####
#.@............# # ###########
#.)....######### # ....#.....##
##..........÷..#####
...........###...>...######..##..
...<...........####### ##..#..
............#### ##.)..
........))..# #...#
........)...#################...#
.............†................###


You could see a scorpion.

Vanquished Creatures
  Pargi (Sewer)
  An ogre (D:4)
  A bullfrog (D:4)
  A scorpion (D:5)
  4 iguanas (D:4)
  Natasha (thrice) (D:2)
  2 orc wizards (D:4)
  5 adders
  2 gnolls (D:2)
  2 worms
  3 dart slugs (D:1)
  4 orcs (D:4)
  8 ball pythons
  7 endoplasms
  7 giant cockroaches
  5 goblins
  6 hobgoblins
  4 jackals (D:3)
  3 quokkas
  4 bats
  6 frilled lizards
  6 kobolds
  4 rats
89 creatures vanquished.

Vanquished Creatures (collateral kills)
  Menkaure (D:5)
  A hound (D:3)
  An iguana (D:4)
  A gnoll (D:2)
  2 orcs (D:4)
  A goblin (D:2)
  A hobgoblin (D:4)
8 creatures vanquished.

Vanquished Creatures (others)
  13 fungi (D:5)
  A plant (D:1)
14 creatures vanquished.

Grand Total: 111 creatures vanquished

Notes
Turn   | Place    | Note
-------+----------+-------------------------------------------
     0 | D:1      | porpoise the Demonspawn Gladiator began the quest for the
                  | Orb.
     0 | D:1      | Reached XP level 1. HP: 16/16 MP: 1/1
   171 | D:1      | Reached skill level 3 in Polearms
   259 | D:1      | Gained mutation: You are partially covered in slimy green
                  | scales. (AC +2) [demonic ancestry]
   259 | D:1      | Reached XP level 2. HP: 22/22 MP: 2/2
   828 | D:2      | Gained mutation: A weak demonic guardian rushes to your
                  | aid. [demonic ancestry]
   828 | D:2      | Reached XP level 3. HP: 26/28 MP: 3/3
  1291 | D:2      | Noticed Natasha
  1297 | D:2      | Killed Natasha
  1298 | D:2      | Reached skill level 4 in Polearms
  1298 | D:2      | Gained mutation: You have sharp fingernails. [demonic
                  | ancestry]
  1298 | D:2      | Reached XP level 4. HP: 35/35 MP: 4/4
  1412 | D:2      | Found a faded altar of an unknown god.
  1564 | D:2      | Noticed Natasha
  1572 | D:2      | Killed Natasha
  1874 | D:2      | Noticed Natasha
  1884 | D:2      | Killed Natasha
  1885 | D:2      | Reached XP level 5. HP: 20/41 MP: 5/5
  2433 | D:3      | Reached skill level 1 in Unarmed Combat
  2443 | D:3      | Found a glowing drain.
  2447 | Sewer    | Entered a sewer
  2606 | Sewer    | Noticed Pargi
  2632 | Sewer    | Killed Pargi
  2633 | Sewer    | Reached skill level 5 in Polearms
  2633 | Sewer    | Gained mutation: You are mostly covered in slimy green
                  | scales. (AC +3) [demonic ancestry]
  2633 | Sewer    | Reached XP level 6. HP: 24/48 MP: 6/6
  3752 | D:4      | Identified the +5 dagger of the Orcish Mines {spect, rElec}
  4302 | D:4      | Reached XP level 7. HP: 53/55 MP: 7/7
  4317 | D:4      | Reached skill level 6 in Polearms
  4703 | D:5      | Entered Level 5 of the Dungeon
  4985 | D:5      | Noticed Menkaure
  5000 | D:5      | Killed Menkaure
  5001 | D:5      | Reached skill level 5 in Fighting
  5025 | D:5      | HP: 2/56 [poisoned by a scorpion]
  5031 | D:5      | HP: 2/56 [scorpion (4)]
  5032 | D:4      | Succumbed to a scorpion's poison

Illustrated notes

Levels and vault maps discovered:
D:1:      dpeg_arrival_rooms_c, layout_loops_cross, serial_forest,
          infiniplex_forest_lined_room_2, infiniplex_forest_corner_1,
          infiniplex_forest_clump_double, infiniplex_forest_clump_double,
          infiniplex_forest_straight_4, infiniplex_forest_lined_1,
          infiniplex_forest_lined_room_3, infiniplex_forest_lined_4_way
D:2:      layout_basic, hellmonk_ecumenical_altar_lost_god, uniq_natasha
D:3:      layout_loops_ring, gup_sewer_entry_bowl, patterned_corridor
D:4:      layout_rooms, minmay_pentomino_pile
D:5:      layout_gridville, mainiacjoe_overflow_catch_the_wave, temple_green,
          hangedman_decor_growths, nicolae_take_the_stairs, uniq_menkaure

Skill      XL: |  1  2  3  4  5  6  7 |
---------------+----------------------+-----
Polearms       | 3 4 5 6 |  6.0
Fighting       | 3 4 5 |  5.2
Unarmed Combat | 1 2 3 |  3.9
Throwing       | |  1.7
Dodging        | |  2.6

Action                   |  1- 3 |  4- 6 |  7- 9 || total
-------------------------+-------+-------+-------++-------
Melee: Trident           |    98 |   211 |    68 ||   377
       Dagger            |       |    11 |       ||    11
       Punch             |       |     2 |       ||     2
 Fire: Sling             |       |     2 |       ||     2
Throw: Throwing net      |       |       |     1 ||     1
  Use: Scroll            |       |     6 |       ||     6
       Potion            |       |     1 |     2 ||     3
Armor: Leather armour    |    18 |       |       ||    18
       Ring mail         |     7 |    93 |    34 ||   134
Dodge: Dodged            |    27 |   104 |    39 ||   170

Table legend: (Time is in decaauts)
 A = Elapsed time spent in this place.
 B = Non-inter-level travel time spent in this place.
 C = Inter-level travel time spent in this place.
 D = Time resting spent in this place.
 E = Time spent auto-exploring this place.
 F = Levels seen in this place.
 G = Mean time per level.
                   A        B        C        D        E       F      G
               +--------+--------+--------+--------+--------+-----+--------+
         Total |   5102 |   4974 |    128 |   1716 |   2140 |   6 |  850.3 |
       Dungeon |   4638 |   4510 |    128 |   1470 |   2073 |   5 |  927.6 |
         Sewer |    463 |    463 |      0 |    246 |     66 |   1 |  463.0 |
               +--------+--------+--------+--------+--------+-----+--------+

Top non-repeatable levels by time:
     D:2: 1329 daAuts
     D:4: 1113 daAuts
     D:3: 1052 daAuts
     D:1: 816 daAuts
   Sewer: 463 daAuts
     D:5: 326 daAuts
